 Dungeon Crawl Stone Soup version 0.23.1 (webtiles) character file.

Game seed: 0

13195 Laiders72 the Basher (level 11, -11/99 HPs)
             Began as a Minotaur Berserker on Mar 8, 2019.
             Was an Elder of Trog.
             Mangled by Rupert
             ... wielding a +4 battleaxe of holy wrath
              (27 damage)
             ... on level 12 of the Dungeon.
             The game lasted 00:29:19 (10876 turns).

Laiders72 the Basher (Minotaur Berserker)          Turns: 10876, Time: 00:29:20

Health: -11/99     AC: 24    Str: 21    XL:     11   Next: 72%
Magic:  0/10       EV: 11    Int:  4    God:    Trog [****..]
Gold:   472        SH:  5    Dex: 14    Spells: 10/10 levels left

rFire    . . .     SeeInvis .   K - +2 flail (protect)
rCold    . . .     Gourm    .   H - +0 buckler
rNeg     . . .     Faith    .   C - +0 plate armour
rPois    .         Spirit   +   (helmet restricted)
rElec    .         Reflect  .   a - +1 cloak
rCorr    +         Harm     .   (no gloves)
MR       +....                  (no boots)
Stlth    ..........             y - amulet of guardian spirit
HPRegen  0.26/turn              s - ring of resist corrosion
MPRegen  0.12/turn              q - ring of protection from magic

@: lethally poisoned (-11 -> -12), protection aura, berserk cooldown, slowed,
very slow
A: retaliatory headbutt, horns 2
a: Berserk, Trog's Hand, Brothers in Arms, Renounce Religion


You were on level 12 of the Dungeon.
You worshipped Trog.
Trog was greatly pleased with you.
You were not hungry.

You visited 1 branch of the dungeon, and saw 12 of its levels.

You collected 607 gold pieces.
You spent 135 gold pieces at shops.

Inventory:

Hand Weapons
 K - a +2 flail of protection (weapon)
Missiles
 e - 7 tomahawks (quivered)
Armour
 a - a +1 cloak (worn)
 C - a +0 plate armour (worn)
 H - a +0 buckler (worn)
Jewellery
 q - a ring of protection from magic (right hand)
 s - a ring of resist corrosion (left hand)
 w - an uncursed ring of magical power
 y - an amulet of guardian spirit (around neck)
Wands
 v - a wand of scattershot (4)
 B - a wand of flame (16)
 D - a wand of polymorph (6)
 G - a wand of clouds (4)
 J - a wand of acid (7)
Scrolls
 b - 7 scrolls of identify
 f - a scroll of noise
 g - 3 scrolls of fear
 i - a scroll of blinking {unknown}
 k - 7 scrolls of remove curse
 l - 2 scrolls of fog
 p - a scroll of magic mapping
 r - 2 scrolls of enchant armour
 t - a scroll of enchant weapon
 x - 3 scrolls of teleportation
Potions
 d - a potion of agility {unknown}
 h - 5 potions of resistance
 j - a potion of brilliance {unknown}
 m - 2 potions of cancellation
 n - 2 potions of lignification {unknown}
 o - 2 potions of might
 u - a potion of haste {unknown}
 z - 4 potions of curing
 A - a potion of heal wounds
 E - a potion of magic {unknown}
 F - a potion of flight {unknown}
 I - 2 potions of berserk rage {unknown}
Comestibles
 c - 23 rations


   Skills:
 - Level 10.1 Fighting
 - Level 14.5 Maces & Flails
 - Level 10.1 Armour
 + Level 9.3 Dodging
 - Level 4.0 Shields


You had 10 spell levels left.
You didn't know any spells.
Your spell library was empty.

Dungeon Overview and Level Annotations

Branches:
Dungeon (12/15)            Temple (0/1) D:5            Lair (0/6) D:10
    Orc (0/2) D:10

Altars:
Ashenzari
Fedhas
Ru

Shops:
D:5 *   D:8 =

Annotations:
D:12 Rupert


Innate Abilities, Weirdness & Mutations

You reflexively headbutt those who attack you in melee.
You have a pair of horns on your head.


Message History

You feel sick. Rupert yells loudly at you. You resist with some effort.
You feel sick.
You feel sick. Rupert roars wildly at you. You resist with some effort.
You feel sick.
Rupert roars madly and goes into a rage!
Rupert goes berserk!
You closely miss Rupert.
You feel sick.
Rupert hits you with a +4 battleaxe of holy wrath!!
You hit Rupert but do no damage.
Your weapon exudes an aura of protection.
Rupert hits you with a +4 battleaxe of holy wrath!
* * * LOW HITPOINT WARNING * * *
Rupert closely misses you.
You hit Rupert but do no damage. Your headbutt misses Rupert.
You feel sick.
Rupert hits you with a +4 battleaxe of holy wrath!!
You die...

#)...#
####.<..#
#.......#
#..##..).# #.
#....# #..
#...^# . #.
##.### ##..#..
#.# .......##
#@#
#.......###@#
#... #.>...#
###.%. ##(...#
....#ยง###(##.#
#.......##.#
#......(#...
..........#.###
.#....$..((.#


You could see Rupert (berserk).

Vanquished Creatures
  A two-headed ogre (D:8)
  Sonja (D:12)
  An unseen horror (D:11)
  An ugly thing (D:8)
  A cyclops (D:11)
  A deep elf mage (D:12)
  A manticore (D:11)
  A centaur zombie (D:11)
  A hornet (D:9)
  A troll (D:11)
  2 hippogriffs (D:11)
  2 wraiths (D:11)
  A wyvern (D:8)
  6 yaks
  3 hogs (D:7)
  A human (D:7)
  2 hungry ghosts (D:11)
  3 wargs (D:10)
  2 soldier ants
  An acid dragon (D:11)
  2 ice beasts
  5 sky beasts
  8 orc warriors
  A phantom (D:10)
  4 ogres
  5 centaurs
  A crocodile (D:10)
  A big kobold (D:7)
  10 bullfrogs
  3 scorpions
  11 killer bees
  5 wights (D:11)
  13 howler monkeys
  5 crimson imps
  A lava snake (D:11)
  2 quasits
  3 jellies
  9 orc wizards
  3 centaur skeletons
  7 orc priests
  3 hounds (D:9)
  3 bullfrog skeletons
  5 iguanas
  8 worker ants
  A hound zombie (D:9)
  A hound skeleton (D:4)
  8 gnolls
  12 adders
  5 shadow imps
  An ooze (D:5)
  An adder zombie (D:8)
  3 worms
  3 dart slugs
  7 leopard geckos
  32 orcs
  A ball python (D:5)
  6 bats
  6 giant cockroaches
  8 goblins
  6 hobgoblins
  16 jackals
  9 kobolds
  3 quokkas
  2 frilled lizards (D:2)
  A jackal skeleton (D:5)
  A jackal zombie (D:6)
  A leopard gecko skeleton (D:4)
  2 leopard gecko zombies
  A quokka zombie (D:5)
  8 rats
296 creatures vanquished.

Vanquished Creatures (collateral kills)
  An orc wizard (D:10)
  An orc (D:10)
  A quokka (D:10)
3 creatures vanquished.

Grand Total: 299 creatures vanquished

Notes
Turn   | Place    | Note
-------+----------+-------------------------------------------
     0 | D:1      | Laiders72 the Minotaur Berserker began the quest for the
                  | Orb.
     0 | D:1      | Reached XP level 1. HP: 19/19 MP: 0/0
   123 | D:1      | Reached skill level 4 in Maces & Flails
   149 | D:1      | Reached XP level 2. HP: 25/27 MP: 1/1
   352 | D:1      | Reached ** piety under Trog
   362 | D:1      | Reached XP level 3. HP: 30/33 MP: 2/2
   938 | D:2      | Reached skill level 5 in Maces & Flails
  1464 | D:3      | Reached XP level 4. HP: 40/41 MP: 3/3
  1876 | D:3      | Reached skill level 6 in Maces & Flails
  2037 | D:3      | Reached XP level 5. HP: 36/47 MP: 4/4
  2205 | D:3      | Reached skill level 5 in Fighting
  2293 | D:3      | Reached *** piety under Trog
  2805 | D:4      | Got a translucent ring mail
  2806 | D:4      | Identified the +0 ring mail "Udyaquas" {rN+} (You found it
                  | on level 4 of the Dungeon)
  2853 | D:4      | Reached skill level 7 in Maces & Flails
  2853 | D:4      | Reached XP level 6. HP: 56/56 MP: 5/5
  3252 | D:5      | Entered Level 5 of the Dungeon
  3334 | D:5      | Reached skill level 8 in Maces & Flails
  3334 | D:5      | Reached XP level 7. HP: 17/63 MP: 6/6
  3593 | D:5      | Found a staircase to the Ecumenical Temple.
  3883 | D:5      | Found a sacrificial altar of Ru.
  3916 | D:5      | Reached skill level 9 in Maces & Flails
  4085 | D:5      | Found Kuushih's General Store.
  4088 | D:5      | Bought a potion of heal wounds for 75 gold pieces
  4088 | D:5      | Bought a potion of curing for 45 gold pieces
  4088 | D:5      | Bought a potion of degeneration for 15 gold pieces
  4634 | D:6      | Reached XP level 8. HP: 41/73 MP: 6/7
  4987 | D:6      | Reached skill level 10 in Maces & Flails
  5101 | D:6      | Reached **** piety under Trog
  5371 | D:6      | Found a blossoming altar of Fedhas.
  5821 | D:7      | Reached skill level 11 in Maces & Flails
  6264 | D:7      | Reached XP level 9. HP: 25/82 MP: 5/8
  6314 | D:7      | Reached skill level 12 in Maces & Flails
  6601 | D:8      | Reached skill level 13 in Maces & Flails
  6603 | D:8      | Noticed a red ugly thing
  6611 | D:8      | Killed a red ugly thing
  6611 | D:8      | Reached skill level 10 in Fighting
  6796 | D:8      | Noticed a two-headed ogre
  6807 | D:8      | Killed a two-headed ogre
  6807 | D:8      | Reached skill level 14 in Maces & Flails
  6807 | D:8      | Reached XP level 10. HP: 93/93 MP: 9/9
  7142 | D:8      | Found Fuvofu's Jewellery Boutique.
  7376 | D:9      | Reached skill level 1 in Shields
  7475 | D:9      | Reached ***** piety under Trog
  7604 | D:9      | Paralysed by a hornet for 2 turns
  7932 | D:10     | Entered Level 10 of the Dungeon
  7939 | D:10     | Reached skill level 5 in Armour
  8003 | D:10     | Received a gift from Trog
  8090 | D:10     | Reached skill level 5 in Dodging
  8120 | D:10     | Found a staircase to the Lair.
  8591 | D:10     | Found a staircase to the Orcish Mines.
  8743 | D:10     | Found a shattered altar of Ashenzari.
  8765 | D:10     | Reached XP level 11. HP: 66/99 MP: 7/10
  9229 | D:11     | HP: 4/99 [orc priest/divine providence (9)]
 10009 | D:11     | Killed an unseen horror
 10535 | D:12     | Noticed a deep elf mage
 10539 | D:12     | Killed a deep elf mage
 10553 | D:12     | Noticed Sonja
 10853 | D:12     | Killed Sonja
 10853 | D:12     | Reached skill level 10 in Armour
 10865 | D:12     | Noticed Rupert
 10876 | D:12     | Mangled by Rupert

Skill      XL: |  1  2  3  4  5  6  7  8  9 10 11 |
---------------+----------------------------------+-----
Maces & Flails | 4 5 6 7 8 9 11 14 | 14.5
Fighting       | 4 5 6 7 8 10 | 10.1
Armour         | 7 10 | 10.1
Dodging        | 6 9 |  9.3
Shields        | 4 |  4.0

Action                   |  1- 3 |  4- 6 |  7- 9 | 10-12 || total
-------------------------+-------+-------+-------+-------++-------
Melee: Mace              |    71 |    29 |       |       ||   100
       Headbutt          |     7 |    23 |    59 |   115 ||   204
       Flail             |       |   113 |   259 |   505 ||   877
Invok: Berserk           |       |       |     4 |     3 ||     7
       Trog's Hand       |       |       |     3 |     3 ||     6
       Brothers in Arms  |       |       |       |     2 ||     2
  Use: Scroll            |     2 |     1 |    10 |       ||    13
       Potion            |       |       |       |     2 ||     2
  Eat: Chunk             |     2 |     6 |    11 |    13 ||    32
       Ration            |       |       |     1 |     3 ||     4
Armor: Scale mail        |    45 |       |       |       ||    45
       Chain mail        |    13 |    83 |    55 |       ||   151
       Plate armour      |       |       |   122 |   343 ||   465
Dodge: Dodged            |    47 |    63 |   112 |   180 ||   402
Block: Buckler           |       |       |       |    82 ||    82
